 Dungeon Crawl Stone Soup version 0.29.0-15-g675c0067aa (webtiles) character file.

Game seed: 13020156758517872425

50 zxpr0jk the Ruffian (level 3, -1/29 HPs)
             Began as a Minotaur Transmuter on Sept 11, 2022.
             Slain by a hobgoblin
             ... wielding a +0 falchion
              (10 damage)
             ... on level 2 of the Dungeon.
             The game lasted 00:02:18 (1047 turns).

zxpr0jk the Ruffian (Minotaur Transmuter)           Turns: 1047, Time: 00:02:19

Health: -1/29      AC:  2    Str: 14    XL:     3   Next: 55%
Magic:  1/4        EV: 12    Int: 12    God:
Gold:   84         SH:  0    Dex: 10    Spells: 1/4 levels left

rFire   . . .      SeeInvis .     - Unarmed
rCold   . . .      Faith    .   (no shield)
rNeg    . . .      Spirit   .   a - +0 robe
rPois   .          Reflect  .   (helmet currently unavailable)
rElec   .          Harm     .   (no cloak)
rCorr   .          Rampage  .   (no gloves)
Will    .....                   (boots currently unavailable)
Stlth   +.........              (no amulet)
HPRegen 0.09/turn               (no ring)
MPRegen 0.09/turn               (no ring)

@: appendages (expiring), very slightly contaminated
A: talons 2, horns 2, retaliatory headbutt
a: End Transformation


You were on level 2 of the Dungeon.
You had temporarily grown beastly talons.
You visited 1 branch of the dungeon, and saw 2 of its levels.

You collected 84 gold pieces.

Inventory:

Armour
 a - a +0 robe (worn)
Scrolls
 e - a scroll of teleportation {unknown}
 g - a scroll of fear {unknown}
 h - a scroll of enchant armour {unknown}
 i - a scroll of enchant weapon {unknown}
 l - a scroll of identify {unknown}
Potions
 b - 2 potions of lignification
 c - a potion of mutation {unknown}
 d - a potion of brilliance {unknown}
 f - a potion of invisibility {unknown}
 j - a potion of berserk rage {unknown}
 k - a potion of might {unknown}


   Skills:
 - Level 1.8 Fighting
 - Level 2.1 Dodging
 * Level 4.6 Unarmed Combat
 - Level 1.3 Spellcasting
 + Level 2.0 Transmutations


You had one spell level left.
You knew the following spells:

 Your Spells              Type           Power      Damage    Failure   Level
a - Beastly Appendage     Tmut           10%        N/A       13%         1
b - Wereblood             Tmut           5%         N/A       19%         2

Your spell library contained the following spells:

 Spells                   Type           Power      Damage    Failure   Level
 Spider Form              Tmut/Pois      3%         N/A       50%         3
 Ozocubu's Armour         Ice            0%         N/A       65%         3
 Ice Form                 Ice/Tmut       3%         N/A       88%         4
 Metabolic Englaciation   Hex/Ice        0%         N/A       100%        5
 Simulacrum               Ice/Necr       0%         N/A       100%        6


Dungeon Overview and Level Annotations

Branches:
Dungeon (2/15)

Altars:

Shops:
D:1 (


Innate Abilities, Weirdness & Mutations

You have temporarily grown beastly talons.
You have a pair of horns on your head.
You reflexively headbutt those who attack you in melee.


Message History

You furiously retaliate!
You headbutt the dart slug.
Your feet morph into talons.
An endoplasm comes into view.
The ball python misses you. The ball python barely misses you.
There are monsters nearby!
The endoplasm quivers.
You hit the dart slug.
You kill the dart slug!
The ball python barely misses you. The ball python closely misses you.
Your Transmutations skill increases to level 2!
You barely miss the ball python.
You claw the ball python, but do no damage.
You headbutt the ball python, but do no damage.
The hobgoblin barely misses you. The ball python bites you.
The ball python barely misses you. The dart slug launches a dart at you.
The slug dart hits you.
Casting: Beastly Appendage (safe; 13% risk of failure)
Confirm with . or Enter, or press ? or * to list all spells.
You miscast Wereblood.
You are very lightly contaminated with residual magic.
Nothing appears to happen.
The ball python barely misses you. You furiously retaliate!
You headbutt the ball python!
You kill the ball python!
The hobgoblin hits you with a +0 falchion!
The dart slug launches a dart at you. The slug dart hits you.
Casting: Wereblood (safe; 19% risk of failure)
Confirm with . or Enter, or press ? or * to list all spells.
You don't have enough magic to cast this spell.
Unknown command.
You are too injured to fight recklessly!
You are too injured to fight recklessly!
You are too injured to fight recklessly!
Unknown command.
You are too injured to fight recklessly!
Unknown command.
Found 14 gold pieces.
The hobgoblin hits you with a +0 falchion!
You die...

##..# #. ##########
##.### #. $........#
#...#####. .........#
###......# .........#
#####...
.........############...
........................
........#..# #######<##
.....#@...# #.....#.#
..#.Jg..## #.###.#'##
#.......#####.##......
#.......'.....##......
...#...w.########......
......#...# .....#.##
........#.# ######.#
.#......... ...
#......#.. ###.


You could see a dart slug, an endoplasm and a hobgoblin.

Vanquished Creatures
  An adder (D:2)
  A worm (D:2)
  3 dart slugs
  6 ball pythons
  3 endoplasms (D:1)
  2 goblins (D:1)
  A hobgoblin (D:2)
  2 jackals (D:1)
  A kobold (D:1)
  4 quokkas (D:1)
  A bat (D:1)
  A frilled lizard (D:1)
  4 rats
30 creatures vanquished.

Notes
Turn   | Place    | Note
-------+----------+-------------------------------------------
     0 | D:1      | zxpr0jk the Minotaur Transmuter began the quest for the
                  | Orb.
     0 | D:1      | Reached XP level 1. HP: 16/16 MP: 1/1
   172 | D:1      | Found Hadwisu's Weapon Shoppe.
   192 | D:1      | Reached XP level 2. HP: 24/24 MP: 3/3
   252 | D:1      | Learned a level 2 spell: Wereblood
   300 | D:1      | Reached skill level 4 in Unarmed Combat
   796 | D:2      | Reached XP level 3. HP: 29/29 MP: 4/4
  1047 | D:2      | Slain by a hobgoblin

Illustrated notes

Levels and vault maps discovered:
D:1:      lemuel_arrival_funnel, layout_loops_ring, serial_shops,
          nicolae_shop_bloodbath_and_beyond, minmay_bisected
D:2:      layout_basic, shapermc_ecumenical_altar_notcrosses,
          minmay_misc_feat_more_columns, hangedman_decor_diamond_cutter,
          serial_bayou_pond_c, minmay_quantized

Skill      XL: |  1  2  3 |
---------------+----------+-----
Unarmed Combat | 4 |  4.6
Transmutations | 2 |  2.0
Fighting       | |  1.8
Dodging        | |  2.1
Spellcasting   | |  1.3

Action                   || total
-------------------------++-------
Melee: Unarmed           ||    55
       Headbutt          ||     9
       Kick              ||     1
       Punch             ||     1
 Cast: Beastly Appendage ||     2
Armor: Robe              ||     4
Dodge: Dodged            ||    50
